 Dungeon Crawl Stone Soup version 0.30-a0-715-gdb4ae3ece1 (webtiles) character file.

Game seed: 12340012411707728556

14661 pokeman the Eclecticist (level 11, -3/59 HPs)
             Began as a Deep Elf Hedge Wizard on Jan 24, 2023.
             Was an Elder of Vehumet.
             Slain by a skeletal warrior
             ... wielding a +0 battleaxe
              (22 damage)
             ... on level 10 of the Dungeon.
             The game lasted 00:36:23 (13018 turns).

pokeman the Eclecticist (Deep Elf Hedge Wizard)    Turns: 13018, Time: 00:36:24

Health: -3/59      AC: 11    Str:  7    XL:     11   Next: 91%
Magic:  2/33       EV: 12    Int: 24    God:    Vehumet [****..]
Gold:   402        SH:  0    Dex: 18    Spells: 23/42 levels left

rFire   + . .      SeeInvis .    m - +1 falchion (drain)
rCold   . . .      Faith    +    (no shield)
rNeg    . . .      Spirit   .    F - +3 leather armour {Will+}
rPois   .          Reflect  .    g - +1 helmet
rElec   .          Harm     .    (no cloak)
rCorr   +          Rampage  .    M - +0 pair of gloves
Will    ++...                    B - +0 pair of boots
Stlth   ++                       n - amulet "Okhlom" {Faith *Slow Regen+ Dex+4}
HPRegen 1.09/turn                t - ring of protection from fire
MPRegen 0.23/turn                A - ring of resist corrosion

@: no status effects
A: no striking features
a: Renounce Religion


You were on level 10 of the Dungeon.
You worshipped Vehumet.
Vehumet was greatly pleased with you.
You visited 2 branches of the dungeon, and saw 12 of its levels.

You collected 612 gold pieces.
You spent 210 gold pieces at shops.

Inventory:

Hand Weapons
 m - a +1 falchion of draining (weapon)
Armour
 g - a +1 helmet (worn)
 B - a +0 pair of boots (worn)
 D - +0 steam dragon scales
 F - a +3 leather armour of willpower (worn)
 M - a +0 pair of gloves (worn)
Jewellery
 n - the amulet "Okhlom" (around neck) {Faith *Slow Regen+ Dex+4}
   (You found it on level 6 of the Dungeon)

   [amulet of faith]

   It allows you to gain divine favour quickly.
   Dex:       It affects your dexterity (+4).
   Regen:     It increases your rate of health regeneration.
   *Slow:     It may slow you when you take damage.
 t - a ring of protection from fire (left hand)
 A - a ring of resist corrosion (right hand)
 C - an amulet of magic regeneration
 K - a +4 ring of protection
 N - a ring of wizardry
Wands
 x - a wand of iceblast (4)
 H - a wand of flame (26)
 I - a wand of mindburst (2)
 Q - a wand of polymorph (2)
Scrolls
 a - 3 scrolls of noise {unknown}
 b - 2 scrolls of magic mapping {unknown}
 c - 4 scrolls of identify {unknown}
 e - a scroll of brand weapon {unknown}
 i - a scroll of poison {unknown}
 l - a scroll of amnesia {unknown}
 r - 4 scrolls of enchant armour {unknown}
 s - 5 scrolls of enchant weapon {unknown}
 v - a scroll of silence {unknown}
 y - 7 scrolls of teleportation {unknown}
 z - 2 scrolls of fog {unknown}
 E - a scroll of fear {unknown}
 J - a scroll of immolation {unknown}
 O - a scroll of summoning {unknown}
 P - a scroll of acquirement {unknown}
Potions
 d - a potion of magic
 f - 2 potions of mutation {unknown}
 h - 6 potions of curing
 j - 2 potions of might {unknown}
 k - 5 potions of heal wounds
 o - a potion of lignification {unknown}
 p - a potion of brilliance {unknown}
 q - 4 potions of flight {unknown}
 u - 3 potions of haste {unknown}
 w - a potion of ambrosia {unknown}
 L - a potion of degeneration
 R - a potion of invisibility {unknown}


   Skills:
 + Level 2.8 Fighting
 - Level 6.3 Armour
 - Level 3.0 Dodging
 - Level 3.0 Stealth
 * Level 16.2 Spellcasting
 + Level 9.6 Conjurations
 + Level 9.1 Summonings
 - Level 1.1 Translocations
 - Level 1.1 Ice Magic
 - Level 1.1 Air Magic
 - Level 1.2 Poison Magic
 - Level 1.3 Evocations


You had 23 spell levels left.
You knew the following spells:

 Your Spells              Type           Power      Damage    Failure   Level
a - Magic Dart            Conj           100%       1d8       1%          1
b - Mephitic Cloud        Conj/Pois/Air  38%        N/A       1%          3
c - Call Imp              Summ           59%        N/A       1%          2
d - Blink                 Tloc           48%        N/A       3%          2
e - Call Canine Familiar  Summ           59%        N/A       1%          3
f - Hailstorm             Conj/Ice       45%        3d10      1%          3
g - Freezing Cloud        Conj/Ice/Air   19%        6-21      6%          5

Your spell library contained the following spells:

 Spells                   Type           Power      Damage    Failure   Level
 Poisonous Vapours        Pois/Air       50%        N/A       1%          2
 Sting                    Tmut/Pois      88%        1d7       3%          1
 Slow                     Hex            76%        N/A       4%          1
 Cigotuvi's Dreadful Rot  Necr/Pois/Air  46%        N/A       4%          2
 Ensorcelled Hibernation  Hex/Ice        44%        N/A       4%          2
 Olgreb's Toxic Radiance  Pois           25%        N/A       6%          4
 Spider Form              Tmut/Pois      22%        N/A       9%          3
 Portal Projectile        Hex/Tloc       44%        N/A       10%         3
 Anguish                  Hex/Necr       9%         N/A       36%         4
 Leda's Liquefaction      Hex/Erth       9%         N/A       36%         4


Dungeon Overview and Level Annotations

Branches:
Dungeon (11/15)            Temple (1/1) D:4            Lair (0/5) D:8
    Orc: D:9-12

Altars:
Ashenzari
Cheibriados
Dithmenos
Elyvilon
Fedhas
Gozag
Hepliaklqana
Kikubaaqudgha
Makhleb
Nemelex Xobeh
Okawaru
Qazlal
Ru
Sif Muna
Trog
Vehumet
Wu Jian
Xom
Yredelemnul
Zin
The Shining One

Shops:
D:10 =:[!=

Annotations:
D:6 1 runed translucent door, Kuronicle's ghost, novice OpMo
D:11 3 runed translucent doors, Erolcha; Foxy's ghost, journeyman KoHu


Message History

The skeletal warrior barely misses you.
You feel stable enough to blink again.
Casting: Hailstorm (safe; 1% risk of failure)
Confirm with . or Enter, or press ? or * to list all spells.
You blink.
You feel stable enough to blink again.
Casting: Blink (safe; 3% risk of failure)
Confirm with . or Enter, or press ? or * to list all spells.
You blink.
Aiming: Corrosive Bolt
Press: ? - help, Shift-Dir - straight line, f - skeletal warrior
Aim: a skeletal warrior, wielding a +0 battleaxe (severely damaged, 71% to hit)
The bolt of acid hits the skeletal warrior.
The skeletal warrior is severely damaged.
The now-empty wand crumbles to dust.
Casting: Blink (safe; 3% risk of failure)
Confirm with . or Enter, or press ? or * to list all spells.
Casting: Hailstorm (safe; 1% risk of failure)
Press: ? - help, Dir - look around, f - activate A cannonade of hail descends around you!
The hail misses the skeletal warrior.
Casting: Hailstorm (safe; 1% risk of failure)
Confirm with . or Enter, or press ? or * to list all spells.
Casting: Hailstorm (safe; 1% risk of failure)
Press: ? - help, Dir - look around, f - activate A cannonade of hail descends around you!
The hail pelts the skeletal warrior.
The skeletal warrior partially resists.
The skeletal warrior is severely damaged.
You feel stable enough to blink again.
Okay, then.
Unknown command.
Casting: Hailstorm (safe; 1% risk of failure)
Confirm with . or Enter, or press ? or * to list all spells.
The skeletal warrior hits you with a +0 battleaxe!!
The skeletal warrior hits your warg with a +0 battleaxe!
Unknown command.
You hit the skeletal warrior.
The skeletal warrior is severely damaged.
The skeletal warrior hits you with a +0 battleaxe!!
You die...

#.........# #.....## ##..#.###.#
#......# #..†......#
#§§§§..####### #.........#
#.§§§..#.....#
##......###########......#.###.#
#...........................<..#
#.h..#################...#.#...#
##.############...h......∩..#)...
................@z..........[.>##
##.########.###.#...........#...#
...# ###.###.#.#########.#...#
...# ##.....###.# #.#...# ...#
#[.≈≈≈..##.# #.#...# ...#
#.≈§§§§§##.# #.....# ...#
#.≈§§≈≈§##.###########.### ...#
#.§≈§≈§§##.........h......
##.#####..§§≈§.############.#####


You could see a skeletal warrior (ally target) and a friendly warg (summoned).

Vanquished Creatures
  A two-headed ogre (D:10)
  A skeletal warrior (D:9)
  A deep elf pyromancer (D:9)
  An ugly thing (D:10)
  A gargoyle (D:11)
  A hornet (D:8)
  4 trolls
  A polar bear (D:10)
  A centaur simulacrum (D:10)
  2 shadows (D:9)
  A wraith (D:10)
  23 yaks
  3 steam dragons
  An unseen horror simulacrum (D:10)
  An acid dragon (D:10)
  2 ice beasts
  A sky beast (D:6)
  4 orc warriors
  5 wolves
  2 ogres
  2 centaurs (D:9)
  A phantom (D:5)
  A kobold brigand (D:7)
  5 bullfrogs
  A necrophage (D:7)
  2 scorpions
  9 wights
  11 killer bees
  2 electric eels (D:8)
  3 howler monkeys
  6 hounds
  4 orc priests
  A jelly (D:4)
  3 gnoll boudas
  Ijyb (D:5)
  4 iguanas
  4 orc wizards
  3 gnolls (D:8)
  5 adders
  A howler monkey simulacrum (D:10)
  6 white imps
  2 ufetubi (D:10)
  A worm (D:3)
  3 dart slugs
  25 orcs
  4 endoplasms
  3 giant cockroaches (D:1)
  6 goblins
  5 hobgoblins
  3 jackals (D:1)
  14 kobolds
  2 quokkas
  6 ball pythons
  6 bats
  2 frilled lizards (D:3)
  3 rats (D:2)
217 creatures vanquished.

Vanquished Creatures (collateral kills)
  An ugly thing (D:9)
  A troll (D:10)
  A centaur simulacrum (D:10)
  8 yaks
  Menkaure (D:4)
  2 acid dragons (D:8)
  An orc warrior (D:8)
  2 ice beasts (D:10)
  A wolf (D:8)
  A centaur (D:8)
  A killer bee (D:9)
  A white imp (D:10)
  An ufetubus (D:10)
  2 orcs (D:8)
24 creatures vanquished.

Vanquished Creatures (others)
  3 electric eels
  2 withered plants (D:6)
5 creatures vanquished.

Grand Total: 246 creatures vanquished

Notes
Turn   | Place    | Note
-------+----------+-------------------------------------------
     0 | D:1      | pokeman the Deep Elf Hedge Wizard began the quest for the
                  | Orb.
     0 | D:1      | Reached XP level 1. HP: 10/10 MP: 7/7
   374 | D:1      | Reached XP level 2. HP: 15/15 MP: 4/9
  1065 | D:1      | Reached skill level 5 in Spellcasting
  1473 | D:2      | Reached XP level 3. HP: 20/20 MP: 5/11
  1477 | D:2      | Learned a level 3 spell: Mephitic Cloud
  1480 | D:2      | Learned a level 2 spell: Call Imp
  1483 | D:2      | Learned a level 2 spell: Blink
  1840 | D:2      | Reached skill level 1 in Fighting
  2462 | D:3      | Reached skill level 1 in Armour
  2607 | D:3      | Reached XP level 4. HP: 25/25 MP: 8/13
  3287 | D:4      | Reached skill level 6 in Spellcasting
  3287 | D:4      | Reached XP level 5. HP: 27/29 MP: 7/15
  3390 | D:4      | Noticed Menkaure
  3425 | D:4      | Killed Menkaure
  3426 | D:4      | Reached skill level 1 in Air Magic
  3426 | D:4      | Reached skill level 1 in Poison Magic
  3619 | D:4      | Reached XP level 6. HP: 29/34 MP: 14/17
  3655 | D:4      | Reached skill level 7 in Spellcasting
  3703 | D:4      | Found an opulent altar of Gozag.
  3805 | D:4      | Found a glowing golden altar of the Shining One.
  3831 | D:4      | Found a faded altar of an unknown god.
  3831 | D:4      | Found a hazy altar of Hepliaklqana.
  3833 | D:4      | Found a faded altar of an unknown god.
  3891 | D:4      | Found a staircase to the Ecumenical Temple.
  3902 | Temple   | Entered the Ecumenical Temple
  3910 | Temple   | Became a worshipper of Vehumet
  4339 | D:5      | Entered Level 5 of the Dungeon
  4345 | D:5      | Noticed an ice beast
  4379 | D:4      | Killed an ice beast
  4380 | D:4      | Reached XP level 7. HP: 16/39 MP: 5/20
  4697 | D:4      | Reached skill level 8 in Spellcasting
  5277 | D:5      | Noticed Ijyb
  5294 | D:5      | Killed Ijyb
  5338 | D:5      | Reached XP level 8. HP: 44/44 MP: 13/22
  5362 | D:5      | Reached skill level 9 in Spellcasting
  5645 | D:5      | Found a glowing silver altar of Zin.
  5793 | D:5      | Found a blossoming altar of Fedhas.
  5794 | D:5      | Found a broken altar of Ashenzari.
  5967 | D:6      | Reached skill level 1 in Evocations
  6010 | D:6      | Reached * piety under Vehumet
  6010 | D:6      | Offered knowledge of Sandblast by Vehumet.
  6011 | D:6      | Reached skill level 5 in Conjurations
  6316 | D:6      | Reached skill level 10 in Spellcasting
  6633 | D:6      | Found a runed translucent door.
  6633 | D:6      | Noticed Kuronicle's ghost (novice OpMo)
  6788 | D:6      | Identified the amulet "Okhlom" {Faith *Slow Regen+ Dex+4}
  7265 | D:7      | Reached XP level 9. HP: 48/48 MP: 18/25
  7278 | D:7      | Reached skill level 5 in Summonings
  7665 | D:8      | Reached ** piety under Vehumet
  7665 | D:8      | Offered knowledge of Momentum Strike by Vehumet.
  7732 | D:8      | Reached skill level 11 in Spellcasting
  7732 | D:8      | Noticed a troll
  7760 | D:8      | Killed a troll
  8044 | D:8      | Found a staircase to the Lair.
  8294 | D:8      | Reached skill level 12 in Spellcasting
  8420 | D:8      | Learned a level 3 spell: Call Canine Familiar
  8616 | D:8      | Offered knowledge of Static Discharge by Vehumet.
  8990 | D:8      | Reached XP level 10. HP: 53/53 MP: 28/28
  9500 | D:9      | Reached *** piety under Vehumet
  9511 | D:9      | Reached skill level 13 in Spellcasting
  9689 | D:9      | Reached skill level 5 in Armour
  9823 | D:9      | Noticed a red ugly thing
  9850 | D:9      | Killed a red ugly thing
  9850 | D:9      | Offered knowledge of Hailstorm by Vehumet.
  9855 | D:9      | Learned a level 3 spell: Hailstorm
  9912 | D:9      | Noticed a deep elf pyromancer
  9938 | D:9      | Killed a deep elf pyromancer
  9939 | D:9      | Reached skill level 14 in Spellcasting
 10046 | D:9      | Noticed a skeletal warrior
 10404 | D:9      | Killed a skeletal warrior
 10705 | D:10     | Entered Level 10 of the Dungeon
 10705 | D:10     | Found Vanetetwo's Distillery.
 10711 | D:10     | Reached XP level 11. HP: 54/57 MP: 19/31
 10724 | D:9      | HP: 2/57 [yak (6)]
 10956 | D:10     | Bought a potion of heal wounds for 70 gold pieces
 10956 | D:10     | Bought a potion of degeneration for 14 gold pieces
 10956 | D:10     | Bought 2 potions of curing for 84 gold pieces
 10956 | D:10     | Bought a potion of curing for 42 gold pieces
 11040 | D:10     | Reached **** piety under Vehumet
 11182 | D:10     | Noticed a green ugly thing
 11189 | D:10     | Offered knowledge of Freezing Cloud by Vehumet.
 11192 | D:10     | Reached skill level 15 in Spellcasting
 11548 | D:10     | Noticed a two-headed ogre
 11690 | D:10     | Learned a level 5 spell: Freezing Cloud
 11704 | D:10     | Found Zaiw's Jewellery Shop.
 11814 | D:10     | Found Sisa's Armour Emporium.
 11972 | D:10     | Found Hiruf's Jewellery Boutique.
 12039 | D:10     | Killed a green ugly thing
 12040 | D:10     | Reached skill level 1 in Ice Magic
 12085 | D:10     | Found Xiorghac's Book Shop.
 12288 | D:10     | Killed a two-headed ogre
 12459 | D:11     | Reached skill level 16 in Spellcasting
 12559 | D:11     | Found a runed translucent gate.
 12559 | D:11     | Found a runed translucent gate.
 12559 | D:11     | Found a runed translucent gate.
 12560 | D:11     | Noticed Foxy's ghost (journeyman KoHu)
 12889 | D:11     | Noticed Erolcha
 12890 | D:11     | Noticed a skeletal warrior
 12891 | D:11     | Noticed a skeletal warrior
 12957 | D:11     | Noticed a skeletal warrior
 13018 | D:10     | Slain by a skeletal warrior

Illustrated notes

Levels and vault maps discovered:
D:1:      co_arrival_hall_of_pillars, layout_basic, hex_intersection
D:2:      layout_loops_ring
D:3:      layout_basic
D:4:      layout_loops_corners, tso_altar,
          nicolae_hepliaklqana_ecumenical_no_more,
          nicolae_gozag_cash_rules_everything_around_me,
          minmay_temple_entry_sparse_star, hangedman_abyss_or_decor_passed,
          uniq_menkaure
D:5:      layout_rooms, lemuel_tele_altar, gammafunk_temple_overflow_pools,
          uniq_ijyb
D:6:      layout_basic, gammafunk_ghost_grave
D:7:      layout_loops_ring, nicolae_overflow_hidden_temple, minmay_misc_feat_x
D:8:      layout_basic, erik_lair_island, lemuel_flame_loot_1
D:9:      minmay_chambers_of_sevens, layout_irregular_city
D:10:     layout_basic, serial_shops, kennysheep_mini_moat,
          nicolae_shop_advertising_works [nicolae_subvault_shop_adworks],
          nicolae_lakefront_shop, nicolae_lakefront_shop, shop, serial_ice,
          serial_ice_h, serial_ice_i, serial_ice_b, serial_ice_m, serial_ice_n,
          serial_ice_a, serial_ice_g, serial_ice_e
D:11:     layout_stronghold, david_orc_2, gammafunk_ghost_necromancy,
          uniq_erolcha
Temple:   nicolae_temple_no_exploring_needed

Skill      XL: |  1  2  3  4  5  6  7  8  9 10 11 |
---------------+----------------------------------+-----
Spellcasting   | 5 6 7 8 10 12 14 16 | 16.2
Fighting       | 1 2 |  2.8
Conjurations   | 2 3 4 5 7 8 9 |  9.6
Armour         | 1 3 4 5 6 |  6.3
Dodging        | 3 |  3.0
Stealth        | 3 |  3.0
Air Magic      | 1 |  1.1
Poison Magic   | 1 |  1.2
Summonings     | 2 3 4 6 7 9 |  9.1
Evocations     | 1 |  1.3
Ice Magic      | 1 |  1.1
Translocations | |  1.1

Action                     |  1- 3 |  4- 6 |  7- 9 | 10-12 || total
---------------------------+-------+-------+-------+-------++-------
  Melee: Dagger            |     2 |       |       |       ||     2
         Falchion          |     3 |    31 |   134 |   129 ||   297
         Punch             |       |       |     2 |     1 ||     3
   Cast: Magic Dart        |   118 |    50 |   243 |    93 ||   504
         Mephitic Cloud    |     1 |     3 |    33 |    32 ||    69
         Call Imp          |       |     4 |     6 |     1 ||    11
         Blink             |       |     2 |     3 |    13 ||    18
         Call Canine Famil |       |       |     2 |    32 ||    34
         Hailstorm         |       |       |       |    50 ||    50
         Freezing Cloud    |       |       |       |    15 ||    15
  Evoke: Wand              |       |       |       |     9 ||     9
   Stab: Sleeping          |       |     2 |       |       ||     2
         Confused          |       |       |    11 |     6 ||    17
         Distracted        |       |       |       |     3 ||     3
 Armour: Robe              |     4 |       |       |       ||     4
         Leather armour    |       |    12 |    69 |    47 ||   128
  Dodge: Dodged            |    11 |    20 |   145 |   105 ||   281

Table legend: (Time is in decaauts)
 A = Elapsed time spent in this place.
 B = Non-inter-level travel time spent in this place.
 C = Inter-level travel time spent in this place.
 D = Time resting spent in this place.
 E = Time spent auto-exploring this place.
 F = Levels seen in this place.
 G = Mean time per level.
                   A        B        C        D        E       F      G
               +--------+--------+--------+--------+--------+-----+--------+
         Total |  13124 |  12554 |    570 |    740 |   9451 |  12 | 1093.7 |
       Dungeon |  13105 |  12549 |    556 |    740 |   9451 |  11 | 1191.4 |
        Temple |     19 |      5 |     14 |      0 |      0 |   1 |   19.0 |
               +--------+--------+--------+--------+--------+-----+--------+

Top non-repeatable levels by time:
     D:4: 1968 daAuts
     D:9: 1798 daAuts
     D:8: 1733 daAuts
     D:1: 1379 daAuts
    D:10: 1343 daAuts
     D:5: 929 daAuts
     D:2: 911 daAuts
     D:6: 911 daAuts
     D:7: 807 daAuts
     D:3: 746 daAuts
    D:11: 575 daAuts
  Temple: 19 daAuts
